Jets vs Blues

Created - 21 octobre 2017 at 18:21

Goals
1 2 3 T
Jets 2 1 0 3
Blues 1 0 0 1
Shots
1 2 3 T
Jets 5 7 3 15
Blues 10 8 2 20

1st period

1. Blues , Mike Fisher 4 (Johnny Boychuk 1, Rick Nash 4) at 9:42 (PP)
2. Jets , Frans Nielsen 4 (Tobias Enstrom 3, Keith Kinkaid) at 14:41 (PP)
3. Jets , Jamie Benn 5 (Cam Atkinson 5, Mikko Koivu 7) at 17:15

Penalties :
Radko Gudas (WPG) for Hooking (Minor) at 3:05, Radko Gudas (WPG) for Hooking (Minor) at 7:03, Radko Gudas (WPG) for Roughing (Minor) at 9:22, Jamie Benn (WPG) for Roughing (Minor) at 10:35, Matt Irwin (STL) for Interference (Minor) at 13:35, Hampus Lindholm (WPG) for Roughing (Minor) at 18:02

2nd period

4. Jets , Brock Nelson 3 (Rickard Rakell 1, Frans Nielsen 2) at 18:56

Penalties :
Kris Versteeg (STL) for Cross-checking (Minor) at 19:46

3rd period

No Goal

Penalties :
Mike Fisher (STL) for Tripping (Minor) at 3:02, Frans Nielsen (WPG) for Roughing (Minor) at 18:22

Goalie Stats

Keith Kinkaid (WPG), 19 saves from 20 shots - (0.950), W, 1-0-0, 60:00 minutes
Antti Niemi (STL), 12 saves from 15 shots - (0.800), L, 5-4-0, 60:00 minutes

Players Stats for Jets

Player Name              G  A  P  +/- PIM S  H  SB GA TA FO     MP     PP MP  PK MP  
------------------------------------------------------------------------------------
Alan Quine               0  0  0   0  0   0  0  0  0  0  0/1     9:25   0:00   3:48 
Braydon Coburn           0  0  0   0  0   0  1  0  0  0  0/0    13:19   0:00   0:36 
Brock Nelson             1  0  1   1  0   2  0  0  0  0  1/3    15:31   1:49   0:17 
Bryan Rust               0  0  0   0  0   1  0  0  0  0  0/1    18:43   0:00   5:25 
Cam Atkinson             0  1  1   1  0   0  0  0  0  0  0/0    20:08   3:15   0:00 
Connor Carrick           0  0  0   0  0   0  0  2  0  0  0/0     3:53   0:00   0:19 
Frans Nielsen            1  1  2   1  2   2  2  0  0  0  9/18   18:21   1:49   3:08 
Hampus Lindholm          0  0  0   1  2   0  3  2  0  0  0/0    22:10   3:15   4:26 
Jamie Benn               1  0  1   1  2   3  3  0  0  0  1/2    19:17   3:15   0:00 
Jonas Brodin             0  0  0   1  0   0  0  1  0  0  0/0    22:25   1:49   5:25 
Mika Zibanejad           0  0  0   0  0   0  1  0  0  0  2/6    10:47   0:00   0:00 
Mikko Koivu              0  1  1   1  0   4  1  0  0  0  12/18  20:38   3:15   1:20 
Nick Holden              0  0  0   1  0   0  1  2  0  0  0/0    21:29   3:15   4:06 
Ondrej Kase              0  0  0   0  0   0  0  0  0  0  0/1     9:58   0:00   0:00 
Radek Faksa              0  0  0   0  0   1  0  1  0  0  8/18   11:25   0:00   5:48 
Radko Gudas              0  0  0   0  6   1  4  0  0  0  0/0    18:06   0:00   1:41 
Rickard Rakell           0  1  1   1  0   1  1  0  0  0  0/0    15:52   1:49   0:00 
Tobias Enstrom           0  1  1   1  0   0  0  3  0  0  0/0    18:34   1:49   3:13 

Players Stats for Blues

Player Name              G  A  P  +/- PIM S  H  SB GA TA FO     MP     PP MP  PK MP  
------------------------------------------------------------------------------------
Brian Flynn              0  0  0   0  0   0  0  0  0  0  5/11   13:00   0:34   1:08 
Brian Gionta             0  0  0   0  0   5  1  0  0  0  1/2    17:02   5:09   0:35 
Cal Clutterbuck          0  0  0   0  0   0  0  0  0  0  2/5    10:14   0:00   2:02 
Carl Gunnarsson          0  0  0  -2  0   1  1  2  0  0  0/0    12:58   0:00   0:00 
Clarke MacArthur         0  0  0  -1  0   1  3  0  0  0  1/1    17:40   4:01   1:36 
Jay Bouwmeester          0  0  0   0  0   0  0  1  0  0  0/0    23:41   5:13   2:12 
Jay McClement            0  0  0   0  0   3  0  2  0  0  7/11   12:49   4:37   0:00 
Jiri Hudler              0  0  0   0  0   1  0  0  0  0  0/3    13:21   2:03   0:00 
John-Michael Liles       0  0  0  -2  0   0  0  2  0  0  0/0    20:09   4:20   2:38 
Johnny Boychuk           0  1  1   0  0   0  2  2  0  0  0/0    24:01   4:59   2:26 
Kris Versteeg            0  0  0  -1  2   4  0  0  0  0  5/7    16:44   3:15   1:38 
Marian Hossa             0  0  0  -1  0   1  0  0  0  0  0/0    13:41   0:00   0:00 
Matt Irwin               0  0  0   0  2   1  1  2  0  0  0/0    16:02   1:08   0:15 
Michael Raffl            0  0  0   0  0   1  1  0  0  0  0/0     8:12   0:00   0:00 
Mike Fisher              1  0  1  -1  2   1  1  0  0  0  7/15   20:59   5:16   2:03 
Nick Cousins             0  0  0  -1  0   0  0  0  0  0  6/12   12:14   0:00   0:22 
Niklas Kronwall          0  0  0   0  0   1  1  1  0  0  0/0    22:57   4:06   2:37 
Rick Nash                0  1  1  -1  0   0  2  0  0  0  1/1    19:09   4:44   0:44 

3 Stars

1 - Frans Nielsen (WPG)
2 - Brock Nelson (WPG)
3 - Jamie Benn (WPG)

Power Play

Jets - 1 on 3 Attempt(s) - 33.33%
Blues - 1 on 6 Attempt(s) - 16.67%

Penalty Kill

Jets - 5 on 6 Attempt(s) - 83.33% - Score 0 goal in Penalty Kill
Blues - 2 on 3 Attempt(s) - 66.67% - Score 0 goal in Penalty Kill

Team Stat

Jets - Hits : 17 - Faceoff Wins : 33 - Blocked Shots : 11 - Penalty Minutes : 12
Blues - Hits : 13 - Faceoff Wins : 35 - Blocked Shots : 12 - Penalty Minutes : 6

Official

Referees : Ghislain Hebert and Graham Skiliter
Linesman : Thor Nelson and Vaughan Rody

Game Notes

Connor Carrick is injured at 5:28 of 3rd period (Lower Body)

Finance

Level 1 -- Attendance: 6500 (100.00%) -- Ticket Income 656 500 $
Level 2 -- Attendance: 3636 (72.72%) -- Ticket Income 309 060 $
Level 3 -- Attendance: 3291 (94.03%) -- Ticket Income 197 460 $
Level 4 -- Attendance: 2773 (88.03%) -- Ticket Income 124 785 $
Luxury Box -- Attendance: 888 (88.80%) -- Ticket Income 177 600 $
Game was played at the Scottrade Center.
Total Attendance: 17088 (89.23%)
Total Ticket Income: 1 465 405 $
Other Income: 219 811 $
Total Income: 1 685 216 $

% Time on Ice - Jets

Lines # - Real PCT - Wanted PCT - Time Play
Normal Forward
1 - 36% - 40% - 16:03
2 - 30% - 30% - 13:25
3 - 22% - 20% - 9:58
4 - 12% - 10% - 5:37
Normal Defense
1 - 33% - 40% - 14:44
2 - 27% - 30% - 12:04
3 - 19% - 20% - 8:22
4 - 22% - 10% - 9:53
PP Forward
1 - 64% - 60% - 3:15
2 - 36% - 40% - 1:49
PP Defense
1 - 64% - 60% - 3:15
2 - 36% - 40% - 1:49
PK Forward
1 - 64% - 60% - 6:18
2 - 36% - 40% - 3:35
PK Defense
1 - 59% - 60% - 5:47
2 - 41% - 40% - 4:06
PK3 Forward
1 - 0% - 60%
2 - 0% - 40%
PK3 Defense
1 - 0% - 60%
2 - 0% - 40%
44 Forward
1 - 0% - 60%
2 - 0% - 40%
44 Defense
1 - 0% - 60%
2 - 0% - 40%
Last Minute Offensive  - 0:00
Last Minute Defensive  - 0:00
Total
Forward - 60:00
Defense - 60:00

% Time on Ice - Blues

Lines # - Real PCT - Wanted PCT - Time Play
Normal Forward
1 - 30% - 40% - 13:41
2 - 26% - 30% - 11:52
3 - 25% - 20% - 11:18
4 - 18% - 10% - 8:12
Normal Defense
1 - 35% - 40% - 15:49
2 - 29% - 30% - 12:59
3 - 29% - 20% - 12:58
4 - 7% - 10% - 3:17
PP Forward
1 - 48% - 60% - 4:44
2 - 52% - 40% - 5:09
PP Defense
1 - 56% - 60% - 5:33
2 - 44% - 40% - 4:20
PK Forward
1 - 88% - 60% - 4:29
2 - 12% - 40% - 0:35
PK Defense
1 - 48% - 60% - 2:26
2 - 52% - 40% - 2:38
PK3 Forward
1 - 0% - 60%
2 - 0% - 40%
PK3 Defense
1 - 0% - 60%
2 - 0% - 40%
44 Forward
1 - 0% - 60%
2 - 0% - 40%
44 Defense
1 - 0% - 60%
2 - 0% - 40%
Last Minute Offensive  - 0:00
Last Minute Defensive  - 0:00
Total
Forward - 60:00
Defense - 60:00

Play by Play

1st period


0:01 of 1st period - Mike Fisher wins face-off versus Mikko Koivu in neutral zone.
1:05 of 1st period - Shot by Nick Holden.
1:05 of 1st period - Shot Misses the Net.
1:22 of 1st period - Off-side.
1:23 of 1st period - Nick Cousins wins face-off versus Mika Zibanejad in neutral zone.
2:27 of 1st period - Icing by Matt Irwin.
2:28 of 1st period - Mikko Koivu wins face-off versus Nick Cousins in Blues zone.
2:52 of 1st period - Icing by Cam Atkinson.
2:53 of 1st period - Brian Flynn wins face-off versus Mikko Koivu in Jets zone.
2:54 of 1st period - Shot by Carl Gunnarsson.
2:54 of 1st period - Stopped by Keith Kinkaid without a rebound.
2:55 of 1st period - Frans Nielsen wins face-off versus Brian Flynn in Jets zone.
2:59 of 1st period - Off-side.
3:00 of 1st period - Brian Flynn wins face-off versus Radek Faksa in neutral zone.
3:00 of 1st period - Brian Flynn is hit by Radko Gudas.
3:05 of 1st period - Minor Penalty to Radko Gudas for Hooking.
3:06 of 1st period - Radek Faksa wins face-off versus Jiri Hudler in Jets zone.
4:01 of 1st period - Jay McClement is hit by Hampus Lindholm and loses puck.
4:15 of 1st period - Icing by Brian Gionta.
4:16 of 1st period - Jay McClement wins face-off versus Radek Faksa in Blues zone.
4:18 of 1st period - Icing by Brian Gionta.
4:19 of 1st period - Jay McClement wins face-off versus Alan Quine in Blues zone.
4:26 of 1st period - Shot by Jonas Brodin.
4:26 of 1st period - Shot Misses the Net.
4:28 of 1st period - Shot by Jonas Brodin.
4:28 of 1st period - Shot Blocked by Johnny Boychuk.
4:35 of 1st period - Icing by Johnny Boychuk.
4:36 of 1st period - Jay McClement wins face-off versus Radek Faksa in Blues zone.
4:41 of 1st period - Shot by Brian Gionta.
4:41 of 1st period - Stopped by Keith Kinkaid without a rebound.
4:42 of 1st period - Radek Faksa wins face-off versus Kris Versteeg in Jets zone.
4:42 of 1st period - Radek Faksa is hit by Rick Nash.
4:56 of 1st period - Shot by Kris Versteeg.
4:56 of 1st period - Stopped by Keith Kinkaid with a rebound.
4:58 of 1st period - Shot by Niklas Kronwall.
4:58 of 1st period - Stopped by Keith Kinkaid without a rebound.
4:59 of 1st period - Kris Versteeg wins face-off versus Frans Nielsen in Jets zone.
5:18 of 1st period - Shot by Jamie Benn.
5:18 of 1st period - Shot Misses the Net.
6:24 of 1st period - Icing by Johnny Boychuk.
6:25 of 1st period - Mika Zibanejad wins face-off versus Mike Fisher in Blues zone.
6:46 of 1st period - Shot by Bryan Rust.
6:46 of 1st period - Shot Misses the Net.
7:03 of 1st period - Minor Penalty to Radko Gudas for Hooking.
7:04 of 1st period - Radek Faksa wins face-off versus Jay McClement in Jets zone.
7:04 of 1st period - Radek Faksa is hit by Clarke MacArthur.
7:24 of 1st period - Shot by Clarke MacArthur.
7:24 of 1st period - Shot Blocked by Hampus Lindholm.
7:32 of 1st period - Shot by Brian Gionta.
7:32 of 1st period - Shot Misses the Net.
7:53 of 1st period - Off-side.
7:54 of 1st period - Kris Versteeg wins face-off versus Radek Faksa in neutral zone.
7:59 of 1st period - Shot by Kris Versteeg.
7:59 of 1st period - Shot Misses the Net.
8:05 of 1st period - Shot by Kris Versteeg.
8:05 of 1st period - Shot Blocked by Radek Faksa.
8:55 of 1st period - Mikko Koivu is hit by Brian Gionta and loses puck.
9:22 of 1st period - Minor Penalty to Radko Gudas for Roughing.
9:23 of 1st period - Kris Versteeg wins face-off versus Radek Faksa in Jets zone.
9:42 of 1st period - Shot by Johnny Boychuk.
9:42 of 1st period - Deflect By Mike Fisher.
9:42 of 1st period - Goal by Mike Fisher - Jets : 0 - Blues : 1.
9:43 of 1st period - Mikko Koivu wins face-off versus Brian Flynn in neutral zone.
9:48 of 1st period - Shot by Mikko Koivu.
9:48 of 1st period - Stopped by Antti Niemi without a rebound.
9:49 of 1st period - Mikko Koivu wins face-off versus Nick Cousins in Blues zone.
10:35 of 1st period - Minor Penalty to Jamie Benn for Roughing.
10:36 of 1st period - Jay McClement wins face-off versus Radek Faksa in Jets zone.
10:39 of 1st period - Shot by Jay Bouwmeester.
10:39 of 1st period - Shot Misses the Net.
10:41 of 1st period - Shot by Jay Bouwmeester.
10:41 of 1st period - Shot Misses the Net.
10:43 of 1st period - Shot by Johnny Boychuk.
10:43 of 1st period - Shot Blocked by Hampus Lindholm.
10:45 of 1st period - Shot by Jay McClement.
10:45 of 1st period - Shot Misses the Net.
10:47 of 1st period - Shot by Brian Gionta.
10:47 of 1st period - Shot Misses the Net.
11:17 of 1st period - Bryan Rust is hit by Johnny Boychuk and loses puck.
12:18 of 1st period - Icing by Johnny Boychuk.
12:19 of 1st period - Radek Faksa wins face-off versus Mike Fisher in Blues zone.
12:44 of 1st period - Cam Atkinson is hit by Niklas Kronwall and loses puck.
12:59 of 1st period - Shot by Michael Raffl.
12:59 of 1st period - Stopped by Keith Kinkaid without a rebound.
13:00 of 1st period - Frans Nielsen wins face-off versus Nick Cousins in Jets zone.
13:25 of 1st period - Rickard Rakell is hit by Matt Irwin and loses puck.
13:35 of 1st period - Minor Penalty to Matt Irwin for Interference.
13:36 of 1st period - Mike Fisher wins face-off versus Mikko Koivu in Blues zone.
13:44 of 1st period - Icing by Hampus Lindholm.
13:45 of 1st period - Mikko Koivu wins face-off versus Kris Versteeg in Jets zone.
14:41 of 1st period - Shot by Frans Nielsen.
14:41 of 1st period - Goal by Frans Nielsen - Jets : 1 - Blues : 1.
14:42 of 1st period - Brian Flynn wins face-off versus Mika Zibanejad in neutral zone.
15:23 of 1st period - Niklas Kronwall is hit by Mika Zibanejad and loses puck.
16:37 of 1st period - Shot by Jamie Benn.
16:37 of 1st period - Shot Misses the Net.
16:39 of 1st period - Shot by Mikko Koivu.
16:39 of 1st period - Stopped by Antti Niemi without a rebound.
16:40 of 1st period - Jamie Benn wins face-off versus Nick Cousins in Blues zone.
16:41 of 1st period - Shot by Mikko Koivu.
16:41 of 1st period - Shot Misses the Net.
16:43 of 1st period - Shot by Jamie Benn.
16:43 of 1st period - Shot Misses the Net.
16:45 of 1st period - Shot by Jamie Benn.
16:45 of 1st period - Shot Misses the Net.
16:47 of 1st period - Shot by Cam Atkinson.
16:47 of 1st period - Shot Blocked by John-Michael Liles.
16:57 of 1st period - Shot by Jamie Benn.
16:57 of 1st period - Shot Misses the Net.
17:15 of 1st period - Shot by Cam Atkinson.
17:15 of 1st period - Deflect By Jamie Benn.
17:15 of 1st period - Goal by Jamie Benn - Jets : 2 - Blues : 1.
17:16 of 1st period - Brian Flynn wins face-off versus Radek Faksa in neutral zone.
17:47 of 1st period - Shot by Alan Quine.
17:47 of 1st period - Shot Blocked by Matt Irwin.
17:49 of 1st period - Shot by Radek Faksa.
17:49 of 1st period - Stopped by Antti Niemi without a rebound.
17:50 of 1st period - Mike Fisher wins face-off versus Mikko Koivu in Blues zone.
17:56 of 1st period - Niklas Kronwall is hit by Jamie Benn and loses puck.
18:00 of 1st period - Johnny Boychuk is hit by Hampus Lindholm and loses puck.
18:02 of 1st period - Minor Penalty to Hampus Lindholm for Roughing.
18:03 of 1st period - Kris Versteeg wins face-off versus Radek Faksa in Jets zone.
18:22 of 1st period - Shot by Kris Versteeg.
18:22 of 1st period - Stopped by Keith Kinkaid with a rebound.
18:24 of 1st period - Shot by Kris Versteeg.
18:24 of 1st period - Shot Blocked by Tobias Enstrom.
18:26 of 1st period - Shot by Rick Nash.
18:26 of 1st period - Shot Misses the Net.
18:32 of 1st period - Shot by Kris Versteeg.
18:32 of 1st period - Shot Blocked by Tobias Enstrom.
18:52 of 1st period - Shot by Niklas Kronwall.
18:52 of 1st period - Shot Misses the Net.
18:54 of 1st period - Shot by Jay McClement.
18:54 of 1st period - Stopped by Keith Kinkaid with a rebound.
18:56 of 1st period - Shot by Jay McClement.
18:56 of 1st period - Shot Misses the Net.
18:58 of 1st period - Shot by Jay McClement.
18:58 of 1st period - Shot Blocked by Tobias Enstrom.
19:00 of 1st period - Shot by Clarke MacArthur.
19:00 of 1st period - Shot Misses the Net.
19:02 of 1st period - Shot by Brian Gionta.
19:02 of 1st period - Stopped by Keith Kinkaid without a rebound.
19:03 of 1st period - Frans Nielsen wins face-off versus Brian Gionta in Jets zone.
19:26 of 1st period - Shot by Brian Gionta.
19:26 of 1st period - Stopped by Keith Kinkaid with a rebound.
19:28 of 1st period - Shot by Niklas Kronwall.
19:28 of 1st period - Shot Misses the Net.
19:30 of 1st period - Shot by Niklas Kronwall.
19:30 of 1st period - Shot Misses the Net.
19:32 of 1st period - Shot by Brian Gionta.
19:32 of 1st period - Shot Misses the Net.
Goals for this period are 2 for Jets vs 1 for Blues.
Shots for this period are 5 for Jets vs 10 for Blues.

2nd period


0:01 of 2nd period - Kris Versteeg wins face-off versus Radek Faksa in neutral zone.
0:16 of 2nd period - Shot by Rick Nash.
0:16 of 2nd period - Shot Misses the Net.
0:37 of 2nd period - Cam Atkinson is hit by Mike Fisher and loses puck.
1:03 of 2nd period - Shot by Kris Versteeg.
1:03 of 2nd period - Stopped by Keith Kinkaid without a rebound.
1:04 of 2nd period - Brian Flynn wins face-off versus Brock Nelson in Jets zone.
1:11 of 2nd period - Shot by Jiri Hudler.
1:11 of 2nd period - Stopped by Keith Kinkaid without a rebound.
1:12 of 2nd period - Frans Nielsen wins face-off versus Jay McClement in Jets zone.
1:22 of 2nd period - Shot by Jay McClement.
1:22 of 2nd period - Stopped by Keith Kinkaid without a rebound.
1:23 of 2nd period - Nick Cousins wins face-off versus Mika Zibanejad in Jets zone.
1:29 of 2nd period - Off-side.
1:30 of 2nd period - Mike Fisher wins face-off versus Brock Nelson in neutral zone.
2:00 of 2nd period - Mike Fisher is hit by Rickard Rakell and loses puck.
4:10 of 2nd period - Shot by Tobias Enstrom.
4:10 of 2nd period - Shot Misses the Net.
4:40 of 2nd period - Icing by Carl Gunnarsson.
4:41 of 2nd period - Radek Faksa wins face-off versus Brian Flynn in Blues zone.
4:52 of 2nd period - Shot by Bryan Rust.
4:52 of 2nd period - Shot Misses the Net.
4:54 of 2nd period - Shot by Alan Quine.
4:54 of 2nd period - Shot Misses the Net.
5:03 of 2nd period - Radek Faksa is hit by Carl Gunnarsson.
5:37 of 2nd period - Shot by Jamie Benn.
5:37 of 2nd period - Shot Misses the Net.
5:39 of 2nd period - Shot by Mikko Koivu.
5:39 of 2nd period - Stopped by Antti Niemi with a rebound.
5:41 of 2nd period - Shot by Jonas Brodin.
5:41 of 2nd period - Deflect By Jamie Benn.
5:41 of 2nd period - Shot Misses the Net.
5:43 of 2nd period - Shot by Cam Atkinson.
5:43 of 2nd period - Shot Misses the Net.
5:47 of 2nd period - Shot by Jamie Benn.
5:47 of 2nd period - Stopped by Antti Niemi without a rebound.
5:48 of 2nd period - Rick Nash wins face-off versus Frans Nielsen in Blues zone.
6:03 of 2nd period - Marian Hossa is hit by Nick Holden and loses puck.
6:07 of 2nd period - Icing by Tobias Enstrom.
6:08 of 2nd period - Nick Cousins wins face-off versus Frans Nielsen in Jets zone.
6:25 of 2nd period - Shot by Brock Nelson.
6:25 of 2nd period - Stopped by Antti Niemi without a rebound.
6:26 of 2nd period - Mikko Koivu wins face-off versus Mike Fisher in Blues zone.
6:42 of 2nd period - Jamie Benn is hit by Rick Nash and loses puck.
7:51 of 2nd period - Shot by Bryan Rust.
7:51 of 2nd period - Stopped by Antti Niemi without a rebound.
7:52 of 2nd period - Jay McClement wins face-off versus Frans Nielsen in Blues zone.
8:00 of 2nd period - Tobias Enstrom is hit by Michael Raffl and loses puck.
8:13 of 2nd period - Shot by Jay McClement.
8:13 of 2nd period - Shot Blocked by Nick Holden.
8:15 of 2nd period - Shot by Niklas Kronwall.
8:15 of 2nd period - Shot Blocked by Nick Holden.
8:17 of 2nd period - Shot by Jay McClement.
8:17 of 2nd period - Stopped by Keith Kinkaid without a rebound.
8:18 of 2nd period - Mike Fisher wins face-off versus Jamie Benn in Jets zone.
8:18 of 2nd period - Mike Fisher is hit by Hampus Lindholm.
8:41 of 2nd period - Shot by Marian Hossa.
8:41 of 2nd period - Stopped by Keith Kinkaid without a rebound.
8:42 of 2nd period - Nick Cousins wins face-off versus Ondrej Kase in Jets zone.
8:47 of 2nd period - Shot by Clarke MacArthur.
8:47 of 2nd period - Stopped by Keith Kinkaid with a rebound.
9:38 of 2nd period - Matt Irwin is hit by Radko Gudas and loses puck.
11:15 of 2nd period - Shot by Kris Versteeg.
11:15 of 2nd period - Shot Misses the Net.
11:21 of 2nd period - Shot by Kris Versteeg.
11:21 of 2nd period - Stopped by Keith Kinkaid without a rebound.
11:22 of 2nd period - Brian Gionta wins face-off versus Frans Nielsen in Jets zone.
11:25 of 2nd period - Shot by Brian Gionta.
11:25 of 2nd period - Stopped by Keith Kinkaid with a rebound.
11:27 of 2nd period - Shot by Brian Gionta.
11:27 of 2nd period - Shot Blocked by Connor Carrick.
12:23 of 2nd period - Shot by Jamie Benn.
12:23 of 2nd period - Shot Misses the Net.
13:02 of 2nd period - Icing by Tobias Enstrom.
13:03 of 2nd period - Mika Zibanejad wins face-off versus Cal Clutterbuck in Jets zone.
13:24 of 2nd period - Shot by Mika Zibanejad.
13:24 of 2nd period - Shot Hit the Post.
13:27 of 2nd period - Icing by Matt Irwin.
13:28 of 2nd period - Jay McClement wins face-off versus Frans Nielsen in Blues zone.
13:28 of 2nd period - Jay Bouwmeester is hit by Frans Nielsen and loses puck.
14:00 of 2nd period - Shot by Marian Hossa.
14:00 of 2nd period - Deflect By Mike Fisher.
14:00 of 2nd period - Shot Misses the Net.
14:15 of 2nd period - Icing by Braydon Coburn.
14:16 of 2nd period - Frans Nielsen wins face-off versus Nick Cousins in Jets zone.
14:26 of 2nd period - Radko Gudas is hit by Johnny Boychuk.
15:27 of 2nd period - Shot by Brian Gionta.
15:27 of 2nd period - Shot Misses the Net.
17:14 of 2nd period - Shot by Hampus Lindholm.
17:14 of 2nd period - Shot Misses the Net.
17:16 of 2nd period - Shot by Jonas Brodin.
17:16 of 2nd period - Shot Blocked by Niklas Kronwall.
17:18 of 2nd period - Shot by Jamie Benn.
17:18 of 2nd period - Shot Misses the Net.
17:20 of 2nd period - Shot by Jamie Benn.
17:20 of 2nd period - Shot Blocked by Matt Irwin.
17:28 of 2nd period - Shot by Jamie Benn.
17:28 of 2nd period - Stopped by Antti Niemi with a rebound.
18:30 of 2nd period - Off-side.
18:31 of 2nd period - Nick Cousins wins face-off versus Mikko Koivu in neutral zone.
18:31 of 2nd period - Nick Cousins is hit by Jamie Benn.
18:42 of 2nd period - Icing by Radko Gudas.
18:43 of 2nd period - Mikko Koivu wins face-off versus Jay McClement in Jets zone.
18:50 of 2nd period - Shot by Cam Atkinson.
18:50 of 2nd period - Shot Blocked by Jay McClement.
18:52 of 2nd period - Shot by Radko Gudas.
18:52 of 2nd period - Stopped by Antti Niemi without a rebound.
18:53 of 2nd period - Frans Nielsen wins face-off versus Mike Fisher in Blues zone.
18:56 of 2nd period - Shot by Brock Nelson.
18:56 of 2nd period - Goal by Brock Nelson - Jets : 3 - Blues : 1.
18:57 of 2nd period - Mike Fisher wins face-off versus Frans Nielsen in neutral zone.
19:17 of 2nd period - Shot by Frans Nielsen.
19:17 of 2nd period - Shot Blocked by Jay Bouwmeester.
19:19 of 2nd period - Shot by Hampus Lindholm.
19:19 of 2nd period - Shot Blocked by Johnny Boychuk.
19:46 of 2nd period - Minor Penalty to Kris Versteeg for Cross-checking.
19:47 of 2nd period - Mikko Koivu wins face-off versus Cal Clutterbuck in Blues zone.
Goals for this period are 1 for Jets vs 0 for Blues.
Shots for this period are 7 for Jets vs 8 for Blues.

3rd period


0:01 of 3rd period - Mikko Koivu wins face-off versus Cal Clutterbuck in neutral zone.
0:04 of 3rd period - Jay Bouwmeester is hit by Jamie Benn and loses puck.
0:50 of 3rd period - Icing by Jamie Benn.
0:51 of 3rd period - Cal Clutterbuck wins face-off versus Mikko Koivu in Jets zone.
1:17 of 3rd period - Brock Nelson is hit by Clarke MacArthur.
1:32 of 3rd period - Icing by Jonas Brodin.
1:33 of 3rd period - Frans Nielsen wins face-off versus Mike Fisher in Jets zone.
1:38 of 3rd period - Shot by Jonas Brodin.
1:38 of 3rd period - Shot Misses the Net.
1:40 of 3rd period - Shot by Rickard Rakell.
1:40 of 3rd period - Stopped by Antti Niemi without a rebound.
1:41 of 3rd period - Cal Clutterbuck wins face-off versus Frans Nielsen in Blues zone.
2:09 of 3rd period - Shot by Brian Gionta.
2:09 of 3rd period - Shot Misses the Net.
2:30 of 3rd period - Johnny Boychuk is hit by Radko Gudas and loses puck.
2:38 of 3rd period - Michael Raffl is hit by Braydon Coburn and loses puck.
2:44 of 3rd period - Jay McClement is hit by Radko Gudas and loses puck.
3:02 of 3rd period - Minor Penalty to Mike Fisher for Tripping.
3:03 of 3rd period - Mikko Koivu wins face-off versus Brian Flynn in Blues zone.
3:14 of 3rd period - Shot by Jamie Benn.
3:14 of 3rd period - Shot Misses the Net.
3:16 of 3rd period - Shot by Nick Holden.
3:16 of 3rd period - Shot Misses the Net.
3:18 of 3rd period - Shot by Mikko Koivu.
3:18 of 3rd period - Stopped by Antti Niemi without a rebound.
3:19 of 3rd period - Brock Nelson wins face-off versus Brian Flynn in Blues zone.
5:26 of 3rd period - Shot by Mike Fisher.
5:26 of 3rd period - Shot Misses the Net.
5:28 of 3rd period - Shot by Marian Hossa.
5:28 of 3rd period - Shot Blocked by Connor Carrick.
5:28 of 3rd period - Connor Carrick from Jets is injured at 5:28 of 3rd period (Lower Body).
5:29 of 3rd period - Jay McClement wins face-off versus Frans Nielsen in Jets zone.
5:40 of 3rd period - Shot by Cal Clutterbuck.
5:40 of 3rd period - Shot Blocked by Jonas Brodin.
5:42 of 3rd period - Shot by Carl Gunnarsson.
5:42 of 3rd period - Deflect By Michael Raffl.
5:42 of 3rd period - Shot Misses the Net.
5:44 of 3rd period - Shot by John-Michael Liles.
5:44 of 3rd period - Shot Misses the Net.
6:53 of 3rd period - Jay Bouwmeester is hit by Mikko Koivu and loses puck.
9:21 of 3rd period - Mika Zibanejad is hit by Clarke MacArthur and loses puck.
10:24 of 3rd period - Off-side.
10:25 of 3rd period - Radek Faksa wins face-off versus Brian Flynn in neutral zone.
10:52 of 3rd period - Shot by Radko Gudas.
10:52 of 3rd period - Shot Misses the Net.
11:33 of 3rd period - Icing by Nick Holden.
11:34 of 3rd period - Mike Fisher wins face-off versus Mika Zibanejad in Jets zone.
11:37 of 3rd period - Shot by Marian Hossa.
11:37 of 3rd period - Shot Misses the Net.
11:39 of 3rd period - Shot by Rick Nash.
11:39 of 3rd period - Shot Misses the Net.
12:43 of 3rd period - Icing by Carl Gunnarsson.
12:44 of 3rd period - Frans Nielsen wins face-off versus Jay McClement in Blues zone.
13:03 of 3rd period - Shot by Brock Nelson.
13:03 of 3rd period - Shot Blocked by Carl Gunnarsson.
13:05 of 3rd period - Shot by Frans Nielsen.
13:05 of 3rd period - Shot Blocked by Jay McClement.
13:07 of 3rd period - Shot by Hampus Lindholm.
13:07 of 3rd period - Shot Blocked by Carl Gunnarsson.
13:09 of 3rd period - Shot by Frans Nielsen.
13:09 of 3rd period - Stopped by Antti Niemi without a rebound.
13:10 of 3rd period - Mikko Koivu wins face-off versus Mike Fisher in Blues zone.
13:15 of 3rd period - Shot by Jamie Benn.
13:15 of 3rd period - Shot Misses the Net.
13:18 of 3rd period - Icing by Jay Bouwmeester.
13:19 of 3rd period - Mikko Koivu wins face-off versus Mike Fisher in Blues zone.
14:25 of 3rd period - Johnny Boychuk is hit by Frans Nielsen and loses puck.
14:41 of 3rd period - Icing by Clarke MacArthur.
14:42 of 3rd period - Nick Cousins wins face-off versus Radek Faksa in Blues zone.
15:09 of 3rd period - Shot by Mika Zibanejad.
15:09 of 3rd period - Shot Blocked by John-Michael Liles.
16:15 of 3rd period - Off-side.
16:16 of 3rd period - Frans Nielsen wins face-off versus Mike Fisher in neutral zone.
17:09 of 3rd period - Off-side.
17:10 of 3rd period - Radek Faksa wins face-off versus Jiri Hudler in neutral zone.
17:31 of 3rd period - Shot by Brian Gionta.
17:31 of 3rd period - Stopped by Keith Kinkaid without a rebound.
17:32 of 3rd period - Mikko Koivu wins face-off versus Nick Cousins in Jets zone.
18:22 of 3rd period - Minor Penalty to Frans Nielsen for Roughing.
18:23 of 3rd period - Radek Faksa wins face-off versus Jiri Hudler in Jets zone.
18:36 of 3rd period - Shot by Matt Irwin.
18:36 of 3rd period - Stopped by Keith Kinkaid without a rebound.
18:37 of 3rd period - Clarke MacArthur wins face-off versus Bryan Rust in Jets zone.
Goals for this period are 0 for Jets vs 0 for Blues.
Shots for this period are 3 for Jets vs 2 for Blues.